Workbook

Sheet Panel
B2: Panel de objetivos semanales
B3: Cómo vas en el trimestre y qué te toca esta semana: objetivos logrados, horas y valoración.
B5: OBJETIVOS PLANIFICADOS | C5: OBJETIVOS LOGRADOS | E5: CUMPLIMIENTO DE HORAS | G5: SEMANA ACTUAL
B6: =COUNT(Objetivos!B8:B47) | C6: =Semanas!G21 | E6: =Semanas!J21 | G6: =IF(Objetivos!D5="","",IF(TODAY()<Objetivos!D5,0,MIN(13,INT((TODAY()-Objetivos!D5)/7)+1)))
B8: Horas previstas en total: | C8: =Semanas!H21 | D8: Horas reales: | E8: =Semanas!I21 | F8: Balance (h): | G8: =Semanas!K21
B9: Mejor semana (nº): | C9: =IFERROR(INDEX(Semanas!B8:B20,MATCH(MAX(Semanas!J8:J20),Semanas!J8:J20,0)),"-") | D9: Con un: | E9: =IF(COUNT(Semanas!J8:J20)=0,"-",MAX(Semanas!J8:J20)) | F9: A revisar: | G9: =COUNTIF(Semanas!N8:N20,"Revisar plan")
B11: REVISIÓN DE LA SEMANA
B12: Semana a revisar (vacío = la actual): | C12: 3 | D12: Semana mostrada: | E12: =IF(C12<>"",C12,IF(AND(ISNUMBER(G6),G6>=1),G6,"")) | F12: Lunes: | G12: =IFERROR(INDEX(Semanas!C8:C20,E12),"")
B14: Objetivos | C14: Logrados | D14: Parciales | E14: Horas prev. | F14: Horas reales | G14: % horas | H14: Valoración
B15: =IFERROR(INDEX(Semanas!$D$8:$D$20,$E$12),"") | C15: =IFERROR(INDEX(Semanas!$E$8:$E$20,$E$12),"") | D15: =IFERROR(INDEX(Semanas!$F$8:$F$20,$E$12),"") | E15: =IFERROR(INDEX(Semanas!$H$8:$H$20,$E$12),"") | F15: =IFERROR(INDEX(Semanas!$I$8:$I$20,$E$12),"") | G15: =IFERROR(INDEX(Semanas!$J$8:$J$20,$E$12),"") | H15: =IFERROR(INDEX(Semanas!$N$8:$N$20,$E$12),"")
B16: Nota de revisión: | C16: =IFERROR(INDEX(Semanas!$O$8:$O$20,$E$12)&"","")
B18: OBJETIVOS DE ESA SEMANA
B19: Objetivo | C19: Asignatura | D19: Prioridad | E19: Horas prev. | F19: Horas reales | G19: % horas | H19: Resultado
B20: =IFERROR(INDEX(Objetivos!$D$8:$D$47,MATCH($E$12*100+1,Objetivos!$N$8:$N$47,0))&"","") | C20: =IFERROR(INDEX(Objetivos!$C$8:$C$47,MATCH($E$12*100+1,Objetivos!$N$8:$N$47,0))&"","") | D20: =IFERROR(INDEX(Objetivos!$E$8:$E$47,MATCH($E$12*100+1,Objetivos!$N$8:$N$47,0))&"","") | E20: =IFERROR(INDEX(Objetivos!$F$8:$F$47,MATCH($E$12*100+1,Objetivos!$N$8:$N$47,0)),"") | F20: =IFERROR(INDEX(Objetivos!$G$8:$G$47,MATCH($E$12*100+1,Objetivos!$N$8:$N$47,0)),"") | G20: =IFERROR(INDEX(Objetivos!$I$8:$I$47,MATCH($E$12*100+1,Objetivos!$N$8:$N$47,0)),"") | H20: =IFERROR(INDEX(Objetivos!$K$8:$K$47,MATCH($E$12*100+1,Objetivos!$N$8:$N$47,0))&"","")
B21: =IFERROR(INDEX(Objetivos!$D$8:$D$47,MATCH($E$12*100+2,Objetivos!$N$8:$N$47,0))&"","") | C21: =IFERROR(INDEX(Objetivos!$C$8:$C$47,MATCH($E$12*100+2,Objetivos!$N$8:$N$47,0))&"","") | D21: =IFERROR(INDEX(Objetivos!$E$8:$E$47,MATCH($E$12*100+2,Objetivos!$N$8:$N$47,0))&"","") | E21: =IFERROR(INDEX(Objetivos!$F$8:$F$47,MATCH($E$12*100+2,Objetivos!$N$8:$N$47,0)),"") | F21: =IFERROR(INDEX(Objetivos!$G$8:$G$47,MATCH($E$12*100+2,Objetivos!$N$8:$N$47,0)),"") | G21: =IFERROR(INDEX(Objetivos!$I$8:$I$47,MATCH($E$12*100+2,Objetivos!$N$8:$N$47,0)),"") | H21: =IFERROR(INDEX(Objetivos!$K$8:$K$47,MATCH($E$12*100+2,Objetivos!$N$8:$N$47,0))&"","")
B22: =IFERROR(INDEX(Objetivos!$D$8:$D$47,MATCH($E$12*100+3,Objetivos!$N$8:$N$47,0))&"","") | C22: =IFERROR(INDEX(Objetivos!$C$8:$C$47,MATCH($E$12*100+3,Objetivos!$N$8:$N$47,0))&"","") | D22: =IFERROR(INDEX(Objetivos!$E$8:$E$47,MATCH($E$12*100+3,Objetivos!$N$8:$N$47,0))&"","") | E22: =IFERROR(INDEX(Objetivos!$F$8:$F$47,MATCH($E$12*100+3,Objetivos!$N$8:$N$47,0)),"") | F22: =IFERROR(INDEX(Objetivos!$G$8:$G$47,MATCH($E$12*100+3,Objetivos!$N$8:$N$47,0)),"") | G22: =IFERROR(INDEX(Objetivos!$I$8:$I$47,MATCH($E$12*100+3,Objetivos!$N$8:$N$47,0)),"") | H22: =IFERROR(INDEX(Objetivos!$K$8:$K$47,MATCH($E$12*100+3,Objetivos!$N$8:$N$47,0))&"","")
B23: =IFERROR(INDEX(Objetivos!$D$8:$D$47,MATCH($E$12*100+4,Objetivos!$N$8:$N$47,0))&"","") | C23: =IFERROR(INDEX(Objetivos!$C$8:$C$47,MATCH($E$12*100+4,Objetivos!$N$8:$N$47,0))&"","") | D23: =IFERROR(INDEX(Objetivos!$E$8:$E$47,MATCH($E$12*100+4,Objetivos!$N$8:$N$47,0))&"","") | E23: =IFERROR(INDEX(Objetivos!$F$8:$F$47,MATCH($E$12*100+4,Objetivos!$N$8:$N$47,0)),"") | F23: =IFERROR(INDEX(Objetivos!$G$8:$G$47,MATCH($E$12*100+4,Objetivos!$N$8:$N$47,0)),"") | G23: =IFERROR(INDEX(Objetivos!$I$8:$I$47,MATCH($E$12*100+4,Objetivos!$N$8:$N$47,0)),"") | H23: =IFERROR(INDEX(Objetivos!$K$8:$K$47,MATCH($E$12*100+4,Objetivos!$N$8:$N$47,0))&"","")
B24: =IFERROR(INDEX(Objetivos!$D$8:$D$47,MATCH($E$12*100+5,Objetivos!$N$8:$N$47,0))&"","") | C24: =IFERROR(INDEX(Objetivos!$C$8:$C$47,MATCH($E$12*100+5,Objetivos!$N$8:$N$47,0))&"","") | D24: =IFERROR(INDEX(Objetivos!$E$8:$E$47,MATCH($E$12*100+5,Objetivos!$N$8:$N$47,0))&"","") | E24: =IFERROR(INDEX(Objetivos!$F$8:$F$47,MATCH($E$12*100+5,Objetivos!$N$8:$N$47,0)),"") | F24: =IFERROR(INDEX(Objetivos!$G$8:$G$47,MATCH($E$12*100+5,Objetivos!$N$8:$N$47,0)),"") | G24: =IFERROR(INDEX(Objetivos!$I$8:$I$47,MATCH($E$12*100+5,Objetivos!$N$8:$N$47,0)),"") | H24: =IFERROR(INDEX(Objetivos!$K$8:$K$47,MATCH($E$12*100+5,Objetivos!$N$8:$N$47,0))&"","")
B25: =IFERROR(INDEX(Objetivos!$D$8:$D$47,MATCH($E$12*100+6,Objetivos!$N$8:$N$47,0))&"","") | C25: =IFERROR(INDEX(Objetivos!$C$8:$C$47,MATCH($E$12*100+6,Objetivos!$N$8:$N$47,0))&"","") | D25: =IFERROR(INDEX(Objetivos!$E$8:$E$47,MATCH($E$12*100+6,Objetivos!$N$8:$N$47,0))&"","") | E25: =IFERROR(INDEX(Objetivos!$F$8:$F$47,MATCH($E$12*100+6,Objetivos!$N$8:$N$47,0)),"") | F25: =IFERROR(INDEX(Objetivos!$G$8:$G$47,MATCH($E$12*100+6,Objetivos!$N$8:$N$47,0)),"") | G25: =IFERROR(INDEX(Objetivos!$I$8:$I$47,MATCH($E$12*100+6,Objetivos!$N$8:$N$47,0)),"") | H25: =IFERROR(INDEX(Objetivos!$K$8:$K$47,MATCH($E$12*100+6,Objetivos!$N$8:$N$47,0))&"","")
B27: HORAS POR SEMANA
B45: CUMPLIMIENTO POR ASIGNATURA

Sheet Objetivos
B2: Objetivos semanales de estudio
B3: Un objetivo por fila: semana, asignatura, horas previstas y horas reales. El resto se calcula solo.
C5: Inicio trimestre (lunes): | D5: 46279 | E5: Cumplido ≥ | F5: 0.9 | G5: Parcial ≥ | H5: 0.6
B7: Sem. | C7: Asignatura | D7: Objetivo de la semana | E7: Prioridad | F7: Horas previstas | G7: Horas reales | H7: ¿Objetivo logrado? | I7: % horas | J7: Diferencia (h) | K7: Resultado | L7: Lunes de la semana | M7: Orden (aux.) | N7: Clave (aux.)
B8: 1 | C8: Cálculo | D8: Repasar límites y derivadas (cap. 1-2) | E8: Alta | F8: 6 | G8: 6.5 | H8: Sí | I8: =IF(OR(F8="",G8=""),"",IFERROR(G8/F8,"")) | J8: =IF(OR(F8="",G8=""),"",G8-F8) | K8: =IF(F8="","",IF(G8="","Pendiente",IF(I8>=$F$5,"Cumplido",IF(I8>=$H$5,"Parcial","Flojo")))) | L8: =IF(OR(B8="",$D$5=""),"",$D$5+7*(B8-1)) | M8: =IF(B8="","",COUNTIF($B$8:B8,B8)) | N8: =IF(B8="","",B8*100+M8)
B9: 1 | C9: Inglés B2 | D9: Unit 1 y 30 min de listening diario | E9: Media | F9: 4 | G9: 3.5 | H9: Parcial | I9: =IF(OR(F9="",G9=""),"",IFERROR(G9/F9,"")) | J9: =IF(OR(F9="",G9=""),"",G9-F9) | K9: =IF(F9="","",IF(G9="","Pendiente",IF(I9>=$F$5,"Cumplido",IF(I9>=$H$5,"Parcial","Flojo")))) | L9: =IF(OR(B9="",$D$5=""),"",$D$5+7*(B9-1)) | M9: =IF(B9="","",COUNTIF($B$8:B9,B9)) | N9: =IF(B9="","",B9*100+M9)
B10: 1 | C10: Historia | D10: Leer el tema 1 y hacer esquema | E10: Media | F10: 3 | G10: 3 | H10: Sí | I10: =IF(OR(F10="",G10=""),"",IFERROR(G10/F10,"")) | J10: =IF(OR(F10="",G10=""),"",G10-F10) | K10: =IF(F10="","",IF(G10="","Pendiente",IF(I10>=$F$5,"Cumplido",IF(I10>=$H$5,"Parcial","Flojo")))) | L10: =IF(OR(B10="",$D$5=""),"",$D$5+7*(B10-1)) | M10: =IF(B10="","",COUNTIF($B$8:B10,B10)) | N10: =IF(B10="","",B10*100+M10)
B11: 1 | C11: Programación | D11: 10 ejercicios de bucles | E11: Alta | F11: 5 | G11: 5.5 | H11: Sí | I11: =IF(OR(F11="",G11=""),"",IFERROR(G11/F11,"")) | J11: =IF(OR(F11="",G11=""),"",G11-F11) | K11: =IF(F11="","",IF(G11="","Pendiente",IF(I11>=$F$5,"Cumplido",IF(I11>=$H$5,"Parcial","Flojo")))) | L11: =IF(OR(B11="",$D$5=""),"",$D$5+7*(B11-1)) | M11: =IF(B11="","",COUNTIF($B$8:B11,B11)) | N11: =IF(B11="","",B11*100+M11)
B12: 2 | C12: Cálculo | D12: Integrales: hoja de problemas 1 | E12: Alta | F12: 6 | G12: 4.5 | H12: Parcial | I12: =IF(OR(F12="",G12=""),"",IFERROR(G12/F12,"")) | J12: =IF(OR(F12="",G12=""),"",G12-F12) | K12: =IF(F12="","",IF(G12="","Pendiente",IF(I12>=$F$5,"Cumplido",IF(I12>=$H$5,"Parcial","Flojo")))) | L12: =IF(OR(B12="",$D$5=""),"",$D$5+7*(B12-1)) | M12: =IF(B12="","",COUNTIF($B$8:B12,B12)) | N12: =IF(B12="","",B12*100+M12)
B13: 2 | C13: Estadística | D13: Probabilidad condicionada (8 ejercicios) | E13: Alta | F13: 4 | G13: 4 | H13: Sí | I13: =IF(OR(F13="",G13=""),"",IFERROR(G13/F13,"")) | J13: =IF(OR(F13="",G13=""),"",G13-F13) | K13: =IF(F13="","",IF(G13="","Pendiente",IF(I13>=$F$5,"Cumplido",IF(I13>=$H$5,"Parcial","Flojo")))) | L13: =IF(OR(B13="",$D$5=""),"",$D$5+7*(B13-1)) | M13: =IF(B13="","",COUNTIF($B$8:B13,B13)) | N13: =IF(B13="","",B13*100+M13)
B14: 2 | C14: Química | D14: Formulación inorgánica | E14: Media | F14: 3 | G14: 1.5 | H14: No | I14: =IF(OR(F14="",G14=""),"",IFERROR(G14/F14,"")) | J14: =IF(OR(F14="",G14=""),"",G14-F14) | K14: =IF(F14="","",IF(G14="","Pendiente",IF(I14>=$F$5,"Cumplido",IF(I14>=$H$5,"Parcial","Flojo")))) | L14: =IF(OR(B14="",$D$5=""),"",$D$5+7*(B14-1)) | M14: =IF(B14="","",COUNTIF($B$8:B14,B14)) | N14: =IF(B14="","",B14*100+M14)
B15: 2 | C15: Redacción | D15: Borrador del ensayo | E15: Baja | F15: 3 | G15: 3.5 | H15: Sí | I15: =IF(OR(F15="",G15=""),"",IFERROR(G15/F15,"")) | J15: =IF(OR(F15="",G15=""),"",G15-F15) | K15: =IF(F15="","",IF(G15="","Pendiente",IF(I15>=$F$5,"Cumplido",IF(I15>=$H$5,"Parcial","Flojo")))) | L15: =IF(OR(B15="",$D$5=""),"",$D$5+7*(B15-1)) | M15: =IF(B15="","",COUNTIF($B$8:B15,B15)) | N15: =IF(B15="","",B15*100+M15)
B16: 3 | C16: Cálculo | D16: Simulacro del parcial 1 | E16: Alta | F16: 5 | G16: 5 | H16: Sí | I16: =IF(OR(F16="",G16=""),"",IFERROR(G16/F16,"")) | J16: =IF(OR(F16="",G16=""),"",G16-F16) | K16: =IF(F16="","",IF(G16="","Pendiente",IF(I16>=$F$5,"Cumplido",IF(I16>=$H$5,"Parcial","Flojo")))) | L16: =IF(OR(B16="",$D$5=""),"",$D$5+7*(B16-1)) | M16: =IF(B16="","",COUNTIF($B$8:B16,B16)) | N16: =IF(B16="","",B16*100+M16)
B17: 3 | C17: Inglés B2 | D17: Writing: dos emails formales | E17: Media | F17: 3 | G17: 2 | H17: Parcial | I17: =IF(OR(F17="",G17=""),"",IFERROR(G17/F17,"")) | J17: =IF(OR(F17="",G17=""),"",G17-F17) | K17: =IF(F17="","",IF(G17="","Pendiente",IF(I17>=$F$5,"Cumplido",IF(I17>=$H$5,"Parcial","Flojo")))) | L17: =IF(OR(B17="",$D$5=""),"",$D$5+7*(B17-1)) | M17: =IF(B17="","",COUNTIF($B$8:B17,B17)) | N17: =IF(B17="","",B17*100+M17)
B18: 3 | C18: Estadística | D18: Ficha resumen de distribuciones | E18: Media | F18: 4 | G18: 3 | H18: Parcial | I18: =IF(OR(F18="",G18=""),"",IFERROR(G18/F18,"")) | J18: =IF(OR(F18="",G18=""),"",G18-F18) | K18: =IF(F18="","",IF(G18="","Pendiente",IF(I18>=$F$5,"Cumplido",IF(I18>=$H$5,"Parcial","Flojo")))) | L18: =IF(OR(B18="",$D$5=""),"",$D$5+7*(B18-1)) | M18: =IF(B18="","",COUNTIF($B$8:B18,B18)) | N18: =IF(B18="","",B18*100+M18)
B19: 3 | C19: Programación | D19: Módulo de lectura de ficheros | E19: Alta | F19: 6 | G19: 4 | H19: Parcial | I19: =IF(OR(F19="",G19=""),"",IFERROR(G19/F19,"")) | J19: =IF(OR(F19="",G19=""),"",G19-F19) | K19: =IF(F19="","",IF(G19="","Pendiente",IF(I19>=$F$5,"Cumplido",IF(I19>=$H$5,"Parcial","Flojo")))) | L19: =IF(OR(B19="",$D$5=""),"",$D$5+7*(B19-1)) | M19: =IF(B19="","",COUNTIF($B$8:B19,B19)) | N19: =IF(B19="","",B19*100+M19)
B20: 4 | C20: Química | D20: Estequiometría: 15 problemas | E20: Alta | F20: 5 | I20: =IF(OR(F20="",G20=""),"",IFERROR(G20/F20,"")) | J20: =IF(OR(F20="",G20=""),"",G20-F20) | K20: =IF(F20="","",IF(G20="","Pendiente",IF(I20>=$F$5,"Cumplido",IF(I20>=$H$5,"Parcial","Flojo")))) | L20: =IF(OR(B20="",$D$5=""),"",$D$5+7*(B20-1)) | M20: =IF(B20="","",COUNTIF($B$8:B20,B20)) | N20: =IF(B20="","",B20*100+M20)
B21: 4 | C21: Historia | D21: Resumen de los temas 2 y 3 | E21: Media | F21: 4 | I21: =IF(OR(F21="",G21=""),"",IFERROR(G21/F21,"")) | J21: =IF(OR(F21="",G21=""),"",G21-F21) | K21: =IF(F21="","",IF(G21="","Pendiente",IF(I21>=$F$5,"Cumplido",IF(I21>=$H$5,"Parcial","Flojo")))) | L21: =IF(OR(B21="",$D$5=""),"",$D$5+7*(B21-1)) | M21: =IF(B21="","",COUNTIF($B$8:B21,B21)) | N21: =IF(B21="","",B21*100+M21)
B22: 4 | C22: Redacción | D22: Versión final del ensayo | E22: Media | F22: 3 | I22: =IF(OR(F22="",G22=""),"",IFERROR(G22/F22,"")) | J22: =IF(OR(F22="",G22=""),"",G22-F22) | K22: =IF(F22="","",IF(G22="","Pendiente",IF(I22>=$F$5,"Cumplido",IF(I22>=$H$5,"Parcial","Flojo")))) | L22: =IF(OR(B22="",$D$5=""),"",$D$5+7*(B22-1)) | M22: =IF(B22="","",COUNTIF($B$8:B22,B22)) | N22: =IF(B22="","",B22*100+M22)
I23: =IF(OR(F23="",G23=""),"",IFERROR(G23/F23,"")) | J23: =IF(OR(F23="",G23=""),"",G23-F23) | K23: =IF(F23="","",IF(G23="","Pendiente",IF(I23>=$F$5,"Cumplido",IF(I23>=$H$5,"Parcial","Flojo")))) | L23: =IF(OR(B23="",$D$5=""),"",$D$5+7*(B23-1)) | M23: =IF(B23="","",COUNTIF($B$8:B23,B23)) | N23: =IF(B23="","",B23*100+M23)
I24: =IF(OR(F24="",G24=""),"",IFERROR(G24/F24,"")) | J24: =IF(OR(F24="",G24=""),"",G24-F24) | K24: =IF(F24="","",IF(G24="","Pendiente",IF(I24>=$F$5,"Cumplido",IF(I24>=$H$5,"Parcial","Flojo")))) | L24: =IF(OR(B24="",$D$5=""),"",$D$5+7*(B24-1)) | M24: =IF(B24="","",COUNTIF($B$8:B24,B24)) | N24: =IF(B24="","",B24*100+M24)
I25: =IF(OR(F25="",G25=""),"",IFERROR(G25/F25,"")) | J25: =IF(OR(F25="",G25=""),"",G25-F25) | K25: =IF(F25="","",IF(G25="","Pendiente",IF(I25>=$F$5,"Cumplido",IF(I25>=$H$5,"Parcial","Flojo")))) | L25: =IF(OR(B25="",$D$5=""),"",$D$5+7*(B25-1)) | M25: =IF(B25="","",COUNTIF($B$8:B25,B25)) | N25: =IF(B25="","",B25*100+M25)
I26: =IF(OR(F26="",G26=""),"",IFERROR(G26/F26,"")) | J26: =IF(OR(F26="",G26=""),"",G26-F26) | K26: =IF(F26="","",IF(G26="","Pendiente",IF(I26>=$F$5,"Cumplido",IF(I26>=$H$5,"Parcial","Flojo")))) | L26: =IF(OR(B26="",$D$5=""),"",$D$5+7*(B26-1)) | M26: =IF(B26="","",COUNTIF($B$8:B26,B26)) | N26: =IF(B26="","",B26*100+M26)
I27: =IF(OR(F27="",G27=""),"",IFERROR(G27/F27,"")) | J27: =IF(OR(F27="",G27=""),"",G27-F27) | K27: =IF(F27="","",IF(G27="","Pendiente",IF(I27>=$F$5,"Cumplido",IF(I27>=$H$5,"Parcial","Flojo")))) | L27: =IF(OR(B27="",$D$5=""),"",$D$5+7*(B27-1)) | M27: =IF(B27="","",COUNTIF($B$8:B27,B27)) | N27: =IF(B27="","",B27*100+M27)
I28: =IF(OR(F28="",G28=""),"",IFERROR(G28/F28,"")) | J28: =IF(OR(F28="",G28=""),"",G28-F28) | K28: =IF(F28="","",IF(G28="","Pendiente",IF(I28>=$F$5,"Cumplido",IF(I28>=$H$5,"Parcial","Flojo")))) | L28: =IF(OR(B28="",$D$5=""),"",$D$5+7*(B28-1)) | M28: =IF(B28="","",COUNTIF($B$8:B28,B28)) | N28: =IF(B28="","",B28*100+M28)
I29: =IF(OR(F29="",G29=""),"",IFERROR(G29/F29,"")) | J29: =IF(OR(F29="",G29=""),"",G29-F29) | K29: =IF(F29="","",IF(G29="","Pendiente",IF(I29>=$F$5,"Cumplido",IF(I29>=$H$5,"Parcial","Flojo")))) | L29: =IF(OR(B29="",$D$5=""),"",$D$5+7*(B29-1)) | M29: =IF(B29="","",COUNTIF($B$8:B29,B29)) | N29: =IF(B29="","",B29*100+M29)
I30: =IF(OR(F30="",G30=""),"",IFERROR(G30/F30,"")) | J30: =IF(OR(F30="",G30=""),"",G30-F30) | K30: =IF(F30="","",IF(G30="","Pendiente",IF(I30>=$F$5,"Cumplido",IF(I30>=$H$5,"Parcial","Flojo")))) | L30: =IF(OR(B30="",$D$5=""),"",$D$5+7*(B30-1)) | M30: =IF(B30="","",COUNTIF($B$8:B30,B30)) | N30: =IF(B30="","",B30*100+M30)
I31: =IF(OR(F31="",G31=""),"",IFERROR(G31/F31,"")) | J31: =IF(OR(F31="",G31=""),"",G31-F31) | K31: =IF(F31="","",IF(G31="","Pendiente",IF(I31>=$F$5,"Cumplido",IF(I31>=$H$5,"Parcial","Flojo")))) | L31: =IF(OR(B31="",$D$5=""),"",$D$5+7*(B31-1)) | M31: =IF(B31="","",COUNTIF($B$8:B31,B31)) | N31: =IF(B31="","",B31*100+M31)
I32: =IF(OR(F32="",G32=""),"",IFERROR(G32/F32,"")) | J32: =IF(OR(F32="",G32=""),"",G32-F32) | K32: =IF(F32="","",IF(G32="","Pendiente",IF(I32>=$F$5,"Cumplido",IF(I32>=$H$5,"Parcial","Flojo")))) | L32: =IF(OR(B32="",$D$5=""),"",$D$5+7*(B32-1)) | M32: =IF(B32="","",COUNTIF($B$8:B32,B32)) | N32: =IF(B32="","",B32*100+M32)
I33: =IF(OR(F33="",G33=""),"",IFERROR(G33/F33,"")) | J33: =IF(OR(F33="",G33=""),"",G33-F33) | K33: =IF(F33="","",IF(G33="","Pendiente",IF(I33>=$F$5,"Cumplido",IF(I33>=$H$5,"Parcial","Flojo")))) | L33: =IF(OR(B33="",$D$5=""),"",$D$5+7*(B33-1)) | M33: =IF(B33="","",COUNTIF($B$8:B33,B33)) | N33: =IF(B33="","",B33*100+M33)
I34: =IF(OR(F34="",G34=""),"",IFERROR(G34/F34,"")) | J34: =IF(OR(F34="",G34=""),"",G34-F34) | K34: =IF(F34="","",IF(G34="","Pendiente",IF(I34>=$F$5,"Cumplido",IF(I34>=$H$5,"Parcial","Flojo")))) | L34: =IF(OR(B34="",$D$5=""),"",$D$5+7*(B34-1)) | M34: =IF(B34="","",COUNTIF($B$8:B34,B34)) | N34: =IF(B34="","",B34*100+M34)
... I47: =IF(OR(F47="",G47=""),"",IFERROR(G47/F47,"")) | J47: =IF(OR(F47="",G47=""),"",G47-F47) | K47: =IF(F47="","",IF(G47="","Pendiente",IF(I47>=$F$5,"Cumplido",IF(I47>=$H$5,"Parcial","Flojo")))) | L47: =IF(OR(B47="",$D$5=""),"",$D$5+7*(B47-1)) | M47: =IF(B47="","",COUNTIF($B$8:B47,B47)) | N47: =IF(B47="","",B47*100+M47)

Sheet Semanas
B2: Resumen por semanas del trimestre
B3: Objetivos, horas y cumplimiento de cada una de las 13 semanas, con acumulado y espacio para tu revisión.
B7: Sem. | C7: Lunes | D7: Objetivos | E7: Logrados | F7: Parciales | G7: % objetivos | H7: Horas previstas | I7: Horas reales | J7: % horas | K7: Balance (h) | L7: Acum. previsto | M7: Acum. real | N7: Valoración | O7: Revisión de la semana (qué cambio la próxima)
B8: =ROW()-7 | C8: =IF(Objetivos!$D$5="","",Objetivos!$D$5+7*(B8-1)) | D8: =COUNTIF(Objetivos!$B$8:$B$47,B8) | E8: =COUNTIFS(Objetivos!$B$8:$B$47,B8,Objetivos!$H$8:$H$47,"Sí") | F8: =COUNTIFS(Objetivos!$B$8:$B$47,B8,Objetivos!$H$8:$H$47,"Parcial") | G8: =IFERROR((E8+0.5*F8)/COUNTIFS(Objetivos!$B$8:$B$47,B8,Objetivos!$H$8:$H$47,"?*"),"") | H8: =SUMIF(Objetivos!$B$8:$B$47,B8,Objetivos!$F$8:$F$47) | I8: =SUMIF(Objetivos!$B$8:$B$47,B8,Objetivos!$G$8:$G$47) | J8: =IF(OR(H8=0,I8=0),"",I8/H8) | K8: =IF(OR(H8=0,I8=0),"",I8-H8) | L8: =SUM(H$8:H8) | M8: =SUM(I$8:I8) | N8: =IF(D8=0,"",IF(J8="","Planificada",IF(J8>=Objetivos!$F$5,"Semana sólida",IF(J8>=Objetivos!$H$5,"Mejorable","Revisar plan")))) | O8: Buen arranque. Mantener el bloque de tarde de 17:00 a 20:00.
B9: =ROW()-7 | C9: =IF(Objetivos!$D$5="","",Objetivos!$D$5+7*(B9-1)) | D9: =COUNTIF(Objetivos!$B$8:$B$47,B9) | E9: =COUNTIFS(Objetivos!$B$8:$B$47,B9,Objetivos!$H$8:$H$47,"Sí") | F9: =COUNTIFS(Objetivos!$B$8:$B$47,B9,Objetivos!$H$8:$H$47,"Parcial") | G9: =IFERROR((E9+0.5*F9)/COUNTIFS(Objetivos!$B$8:$B$47,B9,Objetivos!$H$8:$H$47,"?*"),"") | H9: =SUMIF(Objetivos!$B$8:$B$47,B9,Objetivos!$F$8:$F$47) | I9: =SUMIF(Objetivos!$B$8:$B$47,B9,Objetivos!$G$8:$G$47) | J9: =IF(OR(H9=0,I9=0),"",I9/H9) | K9: =IF(OR(H9=0,I9=0),"",I9-H9) | L9: =SUM(H$8:H9) | M9: =SUM(I$8:I9) | N9: =IF(D9=0,"",IF(J9="","Planificada",IF(J9>=Objetivos!$F$5,"Semana sólida",IF(J9>=Objetivos!$H$5,"Mejorable","Revisar plan")))) | O9: Química se quedó atrás: moverla a martes y jueves por la mañana.
B10: =ROW()-7 | C10: =IF(Objetivos!$D$5="","",Objetivos!$D$5+7*(B10-1)) | D10: =COUNTIF(Objetivos!$B$8:$B$47,B10) | E10: =COUNTIFS(Objetivos!$B$8:$B$47,B10,Objetivos!$H$8:$H$47,"Sí") | F10: =COUNTIFS(Objetivos!$B$8:$B$47,B10,Objetivos!$H$8:$H$47,"Parcial") | G10: =IFERROR((E10+0.5*F10)/COUNTIFS(Objetivos!$B$8:$B$47,B10,Objetivos!$H$8:$H$47,"?*"),"") | H10: =SUMIF(Objetivos!$B$8:$B$47,B10,Objetivos!$F$8:$F$47) | I10: =SUMIF(Objetivos!$B$8:$B$47,B10,Objetivos!$G$8:$G$47) | J10: =IF(OR(H10=0,I10=0),"",I10/H10) | K10: =IF(OR(H10=0,I10=0),"",I10-H10) | L10: =SUM(H$8:H10) | M10: =SUM(I$8:I10) | N10: =IF(D10=0,"",IF(J10="","Planificada",IF(J10>=Objetivos!$F$5,"Semana sólida",IF(J10>=Objetivos!$H$5,"Mejorable","Revisar plan")))) | O10: El simulacro salió bien. Dar más horas a Programación la semana 4.
B11: =ROW()-7 | C11: =IF(Objetivos!$D$5="","",Objetivos!$D$5+7*(B11-1)) | D11: =COUNTIF(Objetivos!$B$8:$B$47,B11) | E11: =COUNTIFS(Objetivos!$B$8:$B$47,B11,Objetivos!$H$8:$H$47,"Sí") | F11: =COUNTIFS(Objetivos!$B$8:$B$47,B11,Objetivos!$H$8:$H$47,"Parcial") | G11: =IFERROR((E11+0.5*F11)/COUNTIFS(Objetivos!$B$8:$B$47,B11,Objetivos!$H$8:$H$47,"?*"),"") | H11: =SUMIF(Objetivos!$B$8:$B$47,B11,Objetivos!$F$8:$F$47) | I11: =SUMIF(Objetivos!$B$8:$B$47,B11,Objetivos!$G$8:$G$47) | J11: =IF(OR(H11=0,I11=0),"",I11/H11) | K11: =IF(OR(H11=0,I11=0),"",I11-H11) | L11: =SUM(H$8:H11) | M11: =SUM(I$8:I11) | N11: =IF(D11=0,"",IF(J11="","Planificada",IF(J11>=Objetivos!$F$5,"Semana sólida",IF(J11>=Objetivos!$H$5,"Mejorable","Revisar plan"))))
B12: =ROW()-7 | C12: =IF(Objetivos!$D$5="","",Objetivos!$D$5+7*(B12-1)) | D12: =COUNTIF(Objetivos!$B$8:$B$47,B12) | E12: =COUNTIFS(Objetivos!$B$8:$B$47,B12,Objetivos!$H$8:$H$47,"Sí") | F12: =COUNTIFS(Objetivos!$B$8:$B$47,B12,Objetivos!$H$8:$H$47,"Parcial") | G12: =IFERROR((E12+0.5*F12)/COUNTIFS(Objetivos!$B$8:$B$47,B12,Objetivos!$H$8:$H$47,"?*"),"") | H12: =SUMIF(Objetivos!$B$8:$B$47,B12,Objetivos!$F$8:$F$47) | I12: =SUMIF(Objetivos!$B$8:$B$47,B12,Objetivos!$G$8:$G$47) | J12: =IF(OR(H12=0,I12=0),"",I12/H12) | K12: =IF(OR(H12=0,I12=0),"",I12-H12) | L12: =SUM(H$8:H12) | M12: =SUM(I$8:I12) | N12: =IF(D12=0,"",IF(J12="","Planificada",IF(J12>=Objetivos!$F$5,"Semana sólida",IF(J12>=Objetivos!$H$5,"Mejorable","Revisar plan"))))
B13: =ROW()-7 | C13: =IF(Objetivos!$D$5="","",Objetivos!$D$5+7*(B13-1)) | D13: =COUNTIF(Objetivos!$B$8:$B$47,B13) | E13: =COUNTIFS(Objetivos!$B$8:$B$47,B13,Objetivos!$H$8:$H$47,"Sí") | F13: =COUNTIFS(Objetivos!$B$8:$B$47,B13,Objetivos!$H$8:$H$47,"Parcial") | G13: =IFERROR((E13+0.5*F13)/COUNTIFS(Objetivos!$B$8:$B$47,B13,Objetivos!$H$8:$H$47,"?*"),"") | H13: =SUMIF(Objetivos!$B$8:$B$47,B13,Objetivos!$F$8:$F$47) | I13: =SUMIF(Objetivos!$B$8:$B$47,B13,Objetivos!$G$8:$G$47) | J13: =IF(OR(H13=0,I13=0),"",I13/H13) | K13: =IF(OR(H13=0,I13=0),"",I13-H13) | L13: =SUM(H$8:H13) | M13: =SUM(I$8:I13) | N13: =IF(D13=0,"",IF(J13="","Planificada",IF(J13>=Objetivos!$F$5,"Semana sólida",IF(J13>=Objetivos!$H$5,"Mejorable","Revisar plan"))))
B14: =ROW()-7 | C14: =IF(Objetivos!$D$5="","",Objetivos!$D$5+7*(B14-1)) | D14: =COUNTIF(Objetivos!$B$8:$B$47,B14) | E14: =COUNTIFS(Objetivos!$B$8:$B$47,B14,Objetivos!$H$8:$H$47,"Sí") | F14: =COUNTIFS(Objetivos!$B$8:$B$47,B14,Objetivos!$H$8:$H$47,"Parcial") | G14: =IFERROR((E14+0.5*F14)/COUNTIFS(Objetivos!$B$8:$B$47,B14,Objetivos!$H$8:$H$47,"?*"),"") | H14: =SUMIF(Objetivos!$B$8:$B$47,B14,Objetivos!$F$8:$F$47) | I14: =SUMIF(Objetivos!$B$8:$B$47,B14,Objetivos!$G$8:$G$47) | J14: =IF(OR(H14=0,I14=0),"",I14/H14) | K14: =IF(OR(H14=0,I14=0),"",I14-H14) | L14: =SUM(H$8:H14) | M14: =SUM(I$8:I14) | N14: =IF(D14=0,"",IF(J14="","Planificada",IF(J14>=Objetivos!$F$5,"Semana sólida",IF(J14>=Objetivos!$H$5,"Mejorable","Revisar plan"))))
B15: =ROW()-7 | C15: =IF(Objetivos!$D$5="","",Objetivos!$D$5+7*(B15-1)) | D15: =COUNTIF(Objetivos!$B$8:$B$47,B15) | E15: =COUNTIFS(Objetivos!$B$8:$B$47,B15,Objetivos!$H$8:$H$47,"Sí") | F15: =COUNTIFS(Objetivos!$B$8:$B$47,B15,Objetivos!$H$8:$H$47,"Parcial") | G15: =IFERROR((E15+0.5*F15)/COUNTIFS(Objetivos!$B$8:$B$47,B15,Objetivos!$H$8:$H$47,"?*"),"") | H15: =SUMIF(Objetivos!$B$8:$B$47,B15,Objetivos!$F$8:$F$47) | I15: =SUMIF(Objetivos!$B$8:$B$47,B15,Objetivos!$G$8:$G$47) | J15: =IF(OR(H15=0,I15=0),"",I15/H15) | K15: =IF(OR(H15=0,I15=0),"",I15-H15) | L15: =SUM(H$8:H15) | M15: =SUM(I$8:I15) | N15: =IF(D15=0,"",IF(J15="","Planificada",IF(J15>=Objetivos!$F$5,"Semana sólida",IF(J15>=Objetivos!$H$5,"Mejorable","Revisar plan"))))
B16: =ROW()-7 | C16: =IF(Objetivos!$D$5="","",Objetivos!$D$5+7*(B16-1)) | D16: =COUNTIF(Objetivos!$B$8:$B$47,B16) | E16: =COUNTIFS(Objetivos!$B$8:$B$47,B16,Objetivos!$H$8:$H$47,"Sí") | F16: =COUNTIFS(Objetivos!$B$8:$B$47,B16,Objetivos!$H$8:$H$47,"Parcial") | G16: =IFERROR((E16+0.5*F16)/COUNTIFS(Objetivos!$B$8:$B$47,B16,Objetivos!$H$8:$H$47,"?*"),"") | H16: =SUMIF(Objetivos!$B$8:$B$47,B16,Objetivos!$F$8:$F$47) | I16: =SUMIF(Objetivos!$B$8:$B$47,B16,Objetivos!$G$8:$G$47) | J16: =IF(OR(H16=0,I16=0),"",I16/H16) | K16: =IF(OR(H16=0,I16=0),"",I16-H16) | L16: =SUM(H$8:H16) | M16: =SUM(I$8:I16) | N16: =IF(D16=0,"",IF(J16="","Planificada",IF(J16>=Objetivos!$F$5,"Semana sólida",IF(J16>=Objetivos!$H$5,"Mejorable","Revisar plan"))))
B17: =ROW()-7 | C17: =IF(Objetivos!$D$5="","",Objetivos!$D$5+7*(B17-1)) | D17: =COUNTIF(Objetivos!$B$8:$B$47,B17) | E17: =COUNTIFS(Objetivos!$B$8:$B$47,B17,Objetivos!$H$8:$H$47,"Sí") | F17: =COUNTIFS(Objetivos!$B$8:$B$47,B17,Objetivos!$H$8:$H$47,"Parcial") | G17: =IFERROR((E17+0.5*F17)/COUNTIFS(Objetivos!$B$8:$B$47,B17,Objetivos!$H$8:$H$47,"?*"),"") | H17: =SUMIF(Objetivos!$B$8:$B$47,B17,Objetivos!$F$8:$F$47) | I17: =SUMIF(Objetivos!$B$8:$B$47,B17,Objetivos!$G$8:$G$47) | J17: =IF(OR(H17=0,I17=0),"",I17/H17) | K17: =IF(OR(H17=0,I17=0),"",I17-H17) | L17: =SUM(H$8:H17) | M17: =SUM(I$8:I17) | N17: =IF(D17=0,"",IF(J17="","Planificada",IF(J17>=Objetivos!$F$5,"Semana sólida",IF(J17>=Objetivos!$H$5,"Mejorable","Revisar plan"))))
B18: =ROW()-7 | C18: =IF(Objetivos!$D$5="","",Objetivos!$D$5+7*(B18-1)) | D18: =COUNTIF(Objetivos!$B$8:$B$47,B18) | E18: =COUNTIFS(Objetivos!$B$8:$B$47,B18,Objetivos!$H$8:$H$47,"Sí") | F18: =COUNTIFS(Objetivos!$B$8:$B$47,B18,Objetivos!$H$8:$H$47,"Parcial") | G18: =IFERROR((E18+0.5*F18)/COUNTIFS(Objetivos!$B$8:$B$47,B18,Objetivos!$H$8:$H$47,"?*"),"") | H18: =SUMIF(Objetivos!$B$8:$B$47,B18,Objetivos!$F$8:$F$47) | I18: =SUMIF(Objetivos!$B$8:$B$47,B18,Objetivos!$G$8:$G$47) | J18: =IF(OR(H18=0,I18=0),"",I18/H18) | K18: =IF(OR(H18=0,I18=0),"",I18-H18) | L18: =SUM(H$8:H18) | M18: =SUM(I$8:I18) | N18: =IF(D18=0,"",IF(J18="","Planificada",IF(J18>=Objetivos!$F$5,"Semana sólida",IF(J18>=Objetivos!$H$5,"Mejorable","Revisar plan"))))
B19: =ROW()-7 | C19: =IF(Objetivos!$D$5="","",Objetivos!$D$5+7*(B19-1)) | D19: =COUNTIF(Objetivos!$B$8:$B$47,B19) | E19: =COUNTIFS(Objetivos!$B$8:$B$47,B19,Objetivos!$H$8:$H$47,"Sí") | F19: =COUNTIFS(Objetivos!$B$8:$B$47,B19,Objetivos!$H$8:$H$47,"Parcial") | G19: =IFERROR((E19+0.5*F19)/COUNTIFS(Objetivos!$B$8:$B$47,B19,Objetivos!$H$8:$H$47,"?*"),"") | H19: =SUMIF(Objetivos!$B$8:$B$47,B19,Objetivos!$F$8:$F$47) | I19: =SUMIF(Objetivos!$B$8:$B$47,B19,Objetivos!$G$8:$G$47) | J19: =IF(OR(H19=0,I19=0),"",I19/H19) | K19: =IF(OR(H19=0,I19=0),"",I19-H19) | L19: =SUM(H$8:H19) | M19: =SUM(I$8:I19) | N19: =IF(D19=0,"",IF(J19="","Planificada",IF(J19>=Objetivos!$F$5,"Semana sólida",IF(J19>=Objetivos!$H$5,"Mejorable","Revisar plan"))))
B20: =ROW()-7 | C20: =IF(Objetivos!$D$5="","",Objetivos!$D$5+7*(B20-1)) | D20: =COUNTIF(Objetivos!$B$8:$B$47,B20) | E20: =COUNTIFS(Objetivos!$B$8:$B$47,B20,Objetivos!$H$8:$H$47,"Sí") | F20: =COUNTIFS(Objetivos!$B$8:$B$47,B20,Objetivos!$H$8:$H$47,"Parcial") | G20: =IFERROR((E20+0.5*F20)/COUNTIFS(Objetivos!$B$8:$B$47,B20,Objetivos!$H$8:$H$47,"?*"),"") | H20: =SUMIF(Objetivos!$B$8:$B$47,B20,Objetivos!$F$8:$F$47) | I20: =SUMIF(Objetivos!$B$8:$B$47,B20,Objetivos!$G$8:$G$47) | J20: =IF(OR(H20=0,I20=0),"",I20/H20) | K20: =IF(OR(H20=0,I20=0),"",I20-H20) | L20: =SUM(H$8:H20) | M20: =SUM(I$8:I20) | N20: =IF(D20=0,"",IF(J20="","Planificada",IF(J20>=Objetivos!$F$5,"Semana sólida",IF(J20>=Objetivos!$H$5,"Mejorable","Revisar plan"))))
B21: Total | D21: =SUM(D8:D20) | E21: =SUM(E8:E20) | F21: =SUM(F8:F20) | G21: =IFERROR((E21+0.5*F21)/COUNTIF(Objetivos!$H$8:$H$47,"?*"),"") | H21: =SUM(H8:H20) | I21: =SUM(I8:I20) | J21: =IFERROR(I21/SUMIF(I8:I20,">0",H8:H20),"") | K21: =IF(I21=0,"",I21-SUMIF(I8:I20,">0",H8:H20))
B23: La semana en curso se marca en verde. El % de objetivos cuenta «Sí» como 1 y «Parcial» como 0,5. Las horas previstas de semanas aún sin horas reales no penalizan el % total.

Sheet Asignaturas
B2: Reparto por asignatura
B3: Lista de asignaturas (editable) y su balance de objetivos y horas durante el trimestre.
B7: Asignatura | C7: Objetivos | D7: Logrados | E7: Horas previstas | F7: Horas reales | G7: % horas | H7: Balance (h) | I7: % del tiempo real | J7: Valoración
B8: Cálculo | C8: =IF(B8="","",COUNTIF(Objetivos!$C$8:$C$47,B8)) | D8: =IF(B8="","",COUNTIFS(Objetivos!$C$8:$C$47,B8,Objetivos!$H$8:$H$47,"Sí")) | E8: =IF(B8="","",SUMIF(Objetivos!$C$8:$C$47,B8,Objetivos!$F$8:$F$47)) | F8: =IF(B8="","",SUMIF(Objetivos!$C$8:$C$47,B8,Objetivos!$G$8:$G$47)) | G8: =IF(B8="","",IFERROR(F8/SUMIFS(Objetivos!$F$8:$F$47,Objetivos!$C$8:$C$47,B8,Objetivos!$G$8:$G$47,">0"),"")) | H8: =IF(B8="","",F8-SUMIFS(Objetivos!$F$8:$F$47,Objetivos!$C$8:$C$47,B8,Objetivos!$G$8:$G$47,">0")) | I8: =IF(B8="","",IFERROR(F8/$F$16,0)) | J8: =IF(B8="","",IF(G8="","Sin horas aún",IF(G8>=Objetivos!$F$5,"Al día",IF(G8>=Objetivos!$H$5,"Mejorable","Atrasada"))))
B9: Estadística | C9: =IF(B9="","",COUNTIF(Objetivos!$C$8:$C$47,B9)) | D9: =IF(B9="","",COUNTIFS(Objetivos!$C$8:$C$47,B9,Objetivos!$H$8:$H$47,"Sí")) | E9: =IF(B9="","",SUMIF(Objetivos!$C$8:$C$47,B9,Objetivos!$F$8:$F$47)) | F9: =IF(B9="","",SUMIF(Objetivos!$C$8:$C$47,B9,Objetivos!$G$8:$G$47)) | G9: =IF(B9="","",IFERROR(F9/SUMIFS(Objetivos!$F$8:$F$47,Objetivos!$C$8:$C$47,B9,Objetivos!$G$8:$G$47,">0"),"")) | H9: =IF(B9="","",F9-SUMIFS(Objetivos!$F$8:$F$47,Objetivos!$C$8:$C$47,B9,Objetivos!$G$8:$G$47,">0")) | I9: =IF(B9="","",IFERROR(F9/$F$16,0)) | J9: =IF(B9="","",IF(G9="","Sin horas aún",IF(G9>=Objetivos!$F$5,"Al día",IF(G9>=Objetivos!$H$5,"Mejorable","Atrasada"))))
B10: Inglés B2 | C10: =IF(B10="","",COUNTIF(Objetivos!$C$8:$C$47,B10)) | D10: =IF(B10="","",COUNTIFS(Objetivos!$C$8:$C$47,B10,Objetivos!$H$8:$H$47,"Sí")) | E10: =IF(B10="","",SUMIF(Objetivos!$C$8:$C$47,B10,Objetivos!$F$8:$F$47)) | F10: =IF(B10="","",SUMIF(Objetivos!$C$8:$C$47,B10,Objetivos!$G$8:$G$47)) | G10: =IF(B10="","",IFERROR(F10/SUMIFS(Objetivos!$F$8:$F$47,Objetivos!$C$8:$C$47,B10,Objetivos!$G$8:$G$47,">0"),"")) | H10: =IF(B10="","",F10-SUMIFS(Objetivos!$F$8:$F$47,Objetivos!$C$8:$C$47,B10,Objetivos!$G$8:$G$47,">0")) | I10: =IF(B10="","",IFERROR(F10/$F$16,0)) | J10: =IF(B10="","",IF(G10="","Sin horas aún",IF(G10>=Objetivos!$F$5,"Al día",IF(G10>=Objetivos!$H$5,"Mejorable","Atrasada"))))
B11: Programación | C11: =IF(B11="","",COUNTIF(Objetivos!$C$8:$C$47,B11)) | D11: =IF(B11="","",COUNTIFS(Objetivos!$C$8:$C$47,B11,Objetivos!$H$8:$H$47,"Sí")) | E11: =IF(B11="","",SUMIF(Objetivos!$C$8:$C$47,B11,Objetivos!$F$8:$F$47)) | F11: =IF(B11="","",SUMIF(Objetivos!$C$8:$C$47,B11,Objetivos!$G$8:$G$47)) | G11: =IF(B11="","",IFERROR(F11/SUMIFS(Objetivos!$F$8:$F$47,Objetivos!$C$8:$C$47,B11,Objetivos!$G$8:$G$47,">0"),"")) | H11: =IF(B11="","",F11-SUMIFS(Objetivos!$F$8:$F$47,Objetivos!$C$8:$C$47,B11,Objetivos!$G$8:$G$47,">0")) | I11: =IF(B11="","",IFERROR(F11/$F$16,0)) | J11: =IF(B11="","",IF(G11="","Sin horas aún",IF(G11>=Objetivos!$F$5,"Al día",IF(G11>=Objetivos!$H$5,"Mejorable","Atrasada"))))
B12: Química | C12: =IF(B12="","",COUNTIF(Objetivos!$C$8:$C$47,B12)) | D12: =IF(B12="","",COUNTIFS(Objetivos!$C$8:$C$47,B12,Objetivos!$H$8:$H$47,"Sí")) | E12: =IF(B12="","",SUMIF(Objetivos!$C$8:$C$47,B12,Objetivos!$F$8:$F$47)) | F12: =IF(B12="","",SUMIF(Objetivos!$C$8:$C$47,B12,Objetivos!$G$8:$G$47)) | G12: =IF(B12="","",IFERROR(F12/SUMIFS(Objetivos!$F$8:$F$47,Objetivos!$C$8:$C$47,B12,Objetivos!$G$8:$G$47,">0"),"")) | H12: =IF(B12="","",F12-SUMIFS(Objetivos!$F$8:$F$47,Objetivos!$C$8:$C$47,B12,Objetivos!$G$8:$G$47,">0")) | I12: =IF(B12="","",IFERROR(F12/$F$16,0)) | J12: =IF(B12="","",IF(G12="","Sin horas aún",IF(G12>=Objetivos!$F$5,"Al día",IF(G12>=Objetivos!$H$5,"Mejorable","Atrasada"))))
B13: Historia | C13: =IF(B13="","",COUNTIF(Objetivos!$C$8:$C$47,B13)) | D13: =IF(B13="","",COUNTIFS(Objetivos!$C$8:$C$47,B13,Objetivos!$H$8:$H$47,"Sí")) | E13: =IF(B13="","",SUMIF(Objetivos!$C$8:$C$47,B13,Objetivos!$F$8:$F$47)) | F13: =IF(B13="","",SUMIF(Objetivos!$C$8:$C$47,B13,Objetivos!$G$8:$G$47)) | G13: =IF(B13="","",IFERROR(F13/SUMIFS(Objetivos!$F$8:$F$47,Objetivos!$C$8:$C$47,B13,Objetivos!$G$8:$G$47,">0"),"")) | H13: =IF(B13="","",F13-SUMIFS(Objetivos!$F$8:$F$47,Objetivos!$C$8:$C$47,B13,Objetivos!$G$8:$G$47,">0")) | I13: =IF(B13="","",IFERROR(F13/$F$16,0)) | J13: =IF(B13="","",IF(G13="","Sin horas aún",IF(G13>=Objetivos!$F$5,"Al día",IF(G13>=Objetivos!$H$5,"Mejorable","Atrasada"))))
B14: Redacción | C14: =IF(B14="","",COUNTIF(Objetivos!$C$8:$C$47,B14)) | D14: =IF(B14="","",COUNTIFS(Objetivos!$C$8:$C$47,B14,Objetivos!$H$8:$H$47,"Sí")) | E14: =IF(B14="","",SUMIF(Objetivos!$C$8:$C$47,B14,Objetivos!$F$8:$F$47)) | F14: =IF(B14="","",SUMIF(Objetivos!$C$8:$C$47,B14,Objetivos!$G$8:$G$47)) | G14: =IF(B14="","",IFERROR(F14/SUMIFS(Objetivos!$F$8:$F$47,Objetivos!$C$8:$C$47,B14,Objetivos!$G$8:$G$47,">0"),"")) | H14: =IF(B14="","",F14-SUMIFS(Objetivos!$F$8:$F$47,Objetivos!$C$8:$C$47,B14,Objetivos!$G$8:$G$47,">0")) | I14: =IF(B14="","",IFERROR(F14/$F$16,0)) | J14: =IF(B14="","",IF(G14="","Sin horas aún",IF(G14>=Objetivos!$F$5,"Al día",IF(G14>=Objetivos!$H$5,"Mejorable","Atrasada"))))
B15: Otras | C15: =IF(B15="","",COUNTIF(Objetivos!$C$8:$C$47,B15)) | D15: =IF(B15="","",COUNTIFS(Objetivos!$C$8:$C$47,B15,Objetivos!$H$8:$H$47,"Sí")) | E15: =IF(B15="","",SUMIF(Objetivos!$C$8:$C$47,B15,Objetivos!$F$8:$F$47)) | F15: =IF(B15="","",SUMIF(Objetivos!$C$8:$C$47,B15,Objetivos!$G$8:$G$47)) | G15: =IF(B15="","",IFERROR(F15/SUMIFS(Objetivos!$F$8:$F$47,Objetivos!$C$8:$C$47,B15,Objetivos!$G$8:$G$47,">0"),"")) | H15: =IF(B15="","",F15-SUMIFS(Objetivos!$F$8:$F$47,Objetivos!$C$8:$C$47,B15,Objetivos!$G$8:$G$47,">0")) | I15: =IF(B15="","",IFERROR(F15/$F$16,0)) | J15: =IF(B15="","",IF(G15="","Sin horas aún",IF(G15>=Objetivos!$F$5,"Al día",IF(G15>=Objetivos!$H$5,"Mejorable","Atrasada"))))
B16: Total | C16: =SUM(C8:C15) | D16: =SUM(D8:D15) | E16: =SUM(E8:E15) | F16: =SUM(F8:F15) | G16: =Semanas!J21 | H16: =Semanas!K21 | I16: =SUM(I8:I15)

Sheet Instrucciones
B2: Objetivos semanales de estudio · Cómo usarlo
B3: Plantilla gratuita de Plantillas de Cálculo · plantillasdecalculo.com
B5: CÓMO USARLA
B6: 1. En «Objetivos» (celda D5) escribe el lunes de la primera semana de tu trimestre o evaluación. Todas las fechas se calculan a partir de él.
B7: 2. En «Asignaturas» sustituye los nombres de ejemplo por los tuyos (hasta 8, celdas B8:B15). Aparecerán en el desplegable de «Objetivos».
B8: 3. Cada domingo (o lunes por la mañana) añade una fila por objetivo en «Objetivos»: nº de semana (1-13), asignatura, objetivo concreto, prioridad y horas previstas.
B9: 4. Al terminar la semana, rellena las horas reales y elige en «¿Objetivo logrado?» Sí, Parcial o No. El % de horas y el resultado se calculan solos.
B10: 5. Ajusta los umbrales de las celdas F5 (Cumplido) y H5 (Parcial) si quieres ser más o menos exigente: por defecto 90% y 60%.
B11: 6. En «Semanas» escribe tu revisión (columna O): qué ha fallado y qué cambias la próxima semana. Ahí también ves las horas acumuladas.
B12: 7. En «Panel» elige la semana que quieres revisar (celda C12) o déjala vacía para ver la actual; verás sus objetivos, horas y valoración.
B13: 8. «Asignaturas» te enseña dónde se va tu tiempo y qué materias van atrasadas respecto a lo que habías previsto.
B15: CONSEJOS
... B23: Aviso: plantilla de organización personal. Los porcentajes y valoraciones son orientativos y no sustituyen el criterio de tu docente, tutor o preparador.

Sheet Listas
A1: Prioridad | B1: Logrado
A2: Alta | B2: Sí
A3: Media | B3: Parcial
A4: Baja | B4: No
